 Seeded DCSS version 0.31-a0-544-gceb718ecc6 (webtiles) character file.

Game seed: 3826825538972431165 (custom seed)

7 innerfire43 the Trooper (level 1, 0/18 HPs)
             Began as a Demonspawn Monk on Aug 15, 2023.
             Slain by a goblin
             ... wielding a +0 club
              (3 damage)
             ... on level 1 of the Dungeon.
             The game lasted 00:00:45 (147 turns).

innerfire43 the Trooper (Demonspawn Monk)            Turns: 147, Time: 00:00:46

Health: 0/18       AC:  2    Str: 11    XL:     1   Next: 83%
Magic:  1/1        EV: 13    Int: 11    God:
Gold:   44         SH:  0    Dex: 15    Spells: 0/0 levels left

rFire   . . .        e - +8 demon trident "Rift" {distort, reach+}
rCold   . . .        d - orb {light}
rNeg    . . .        b - +0 robe
rPois   .            (no helmet)
rElec   .            (no cloak)
rCorr   .            (no gloves)
SInv    .            (no boots)
Will    .....        (no amulet)
Stlth   +            (no ring)
HPRegen 0.23/turn    (no ring)
MPRegen 0.07/turn

%: no passive effects
@: glowing
A: no striking features
a: no special abilities


You were on level 1 of the Dungeon.
You visited 1 branch of the dungeon, and saw 1 of its levels.

You collected 44 gold pieces.

Inventory:

Hand Weapons
 a - a +0 spear
 e - the +8 demon trident "Rift" (weapon) {distort, reach+}
   (You acquired it on level 1 of the Dungeon)
Armour
 b - a +0 robe (worn)
 d - an orb of light (worn)
Scrolls
 f - 2 scrolls of vulnerability {unknown}
Potions
 c - a potion of ambrosia


   Skills:
 + Level 3.1 Fighting
 + Level 2.8 Polearms
 + Level 2.8 Dodging


You couldn't memorise any spells.
You didn't know any spells.
Your spell library was empty.

Dungeon Overview and Level Annotations

Branches:
Dungeon (1/15)

Altars:


Message History

An endoplasm, a goblin and a dart slug come into view.
The endoplasm quivers.
Found a short sword.
There is an open door here.
There are monsters nearby!
You reach to attack!
You hit the dart slug.
The dart slug is lightly wounded.
There are monsters nearby!
You hit the dart slug but do no damage.
The dart slug is lightly wounded.
There are monsters nearby!
You hit the dart slug but do no damage.
The dart slug is lightly wounded.
The dart slug launches a dart at you. The slug dart hits you.
The endoplasm closely misses you.
There are monsters nearby!
You hit the dart slug.
The dart slug is heavily wounded.
The dart slug bites you. The goblin hits you with a +0 club.
The endoplasm jiggles.
The endoplasm freezes you.
You are frozen.
There are monsters nearby!
You are too injured to fight recklessly!
There are monsters nearby!
You are too injured to fight recklessly!
This is a scroll of acquirement!
Something appears at your feet! The endoplasm barely misses you.
The goblin hits you but does no damage.
e - the +8 demon trident "Rift" {distort, reach+} The dart slug bites you.
The goblin misses you. The endoplasm misses you.
Space warps around you for a moment!
e - the +8 demon trident "Rift" (weapon)
{distort, reach+} Unknown command.
You puncture the dart slug!
You kill the dart slug!
The endoplasm hits you.
* * * LOW HITPOINT WARNING * * *
The goblin hits you with a +0 club.
You die...

#.......
###......#
..)......#
..#......#
.........+
#......#
#...J.g#
#@# #.#
#.#
#.#######
.#


#.PPPPPPP .P #.PPPP... .. #.PPP.PPP .PP #.PP.PPPP .PPP #.P.PPPPP P.PPPP You
could see an endoplasm and a goblin.

Vanquished Creatures
  A dart slug (D:1)
  2 bats (D:1)
  An endoplasm (D:1)
  A goblin (D:1)
  A ball python (D:1)
  A frilled lizard (D:1)
  A rat (D:1)
8 creatures vanquished.

Notes
Turn   | Place    | Note
-------+----------+-------------------------------------------
     0 | D:1      | innerfire43 the Demonspawn Monk began the quest for the
                  | Orb.
     0 | D:1      | Reached XP level 1. HP: 18/18 MP: 1/1
   144 | D:1      | Identified a scroll of acquirement
   144 | D:1      | Acquired the +8 demon trident "Rift" {distort, reach+}
   144 | D:1      | Found the +8 demon trident "Rift" {distort, reach+}
   147 | D:1      | Slain by a goblin

Illustrated notes

Levels and vault maps discovered:
D:1:      roderic_crop_circles_arrival_large, layout_basic

Action                     || total
---------------------------++-------
  Melee: Spear             ||    22
         Demon trident     ||     1
    Use: Scroll            ||     1
 Armour: Robe              ||     1
  Dodge: Dodged            ||    10

Table legend: (Time is in decaauts)
 A = Elapsed time spent in this place.
 B = Non-inter-level travel time spent in this place.
 C = Inter-level travel time spent in this place.
 D = Time resting spent in this place.
 E = Time spent auto-exploring this place.
 F = Levels seen in this place.
 G = Mean time per level.
                   A        B        C        D        E       F      G
               +--------+--------+--------+--------+--------+-----+--------+
         Total |    145 |    145 |      0 |      0 |     99 |   1 |  145.0 |
       Dungeon |    145 |    145 |      0 |      0 |     99 |   1 |  145.0 |
               +--------+--------+--------+--------+--------+-----+--------+

Top non-repeatable levels by time:
     D:1: 145 daAuts
